 Dungeon Crawl Stone Soup version 0.28.0-45-g0d030f2227 (webtiles) character file.

Game seed: 8645645166852870991

7420 pkoi the Martial Artist (level 10, -6/74 HPs)
             Began as a Demigod Gladiator on Apr 7, 2022.
             Mangled by a two-headed ogre
             ... wielding a +0 giant spiked club
              (14 damage)
             ... on level 10 of the Dungeon.
             The game lasted 00:22:17 (13468 turns).

pkoi the Martial Artist (Demigod Gladiator)        Turns: 13468, Time: 00:22:17

Health: -6/74      AC: 13    Str: 19    XL:     10   Next: 62%
Magic:  13/13      EV: 13    Int: 14    God:
Gold:   359        SH:  0    Dex: 22    Spells: 7/9 levels left

rFire   . . .      SeeInvis .     - Unarmed
rCold   . . .      Faith    .   (no shield)
rNeg    . . .      Spirit   .   J - +0 troll leather armour
rPois   +          Reflect  .   b - +0 helmet
rElec   .          Harm     .   C - +0 cloak
rCorr   .          Rampage  .   u - +1 pair of gloves {Dex+3}
Will    +....                   t - +0 pair of boots
Stlth   ++........              y - amulet of magic regeneration
HPRegen 1.02/turn               s - +4 ring of protection
MPRegen 0.53/turn               o - ring of poison resistance

@: no status effects
A: high MP 1, forlorn, divine attributes
a: no special abilities


You were on level 10 of the Dungeon.
You visited 1 branch of the dungeon, and saw 10 of its levels.

You collected 479 gold pieces.
You spent 120 gold pieces at shops.

Inventory:

Hand Weapons
 m - a +0 dagger
Missiles
 c - 5 throwing nets
 q - 26 poisoned darts (quivered)
Armour
 b - a +0 helmet (worn)
 k - a +2 robe of fire resistance
 t - a +0 pair of boots (worn)
 u - a +1 pair of gloves of dexterity (worn)
 C - a +0 cloak (worn)
 J - a +0 troll leather armour (worn)
Jewellery
 e - a +6 ring of strength
 o - a ring of poison resistance (right hand)
 s - a +4 ring of protection (left hand)
 y - an amulet of magic regeneration (around neck)
Wands
 z - a wand of flame (20)
 D - a wand of mindburst (21)
Scrolls
 f - a scroll of fear
 g - 4 scrolls of magic mapping
 i - a scroll of enchant weapon
 j - 4 scrolls of enchant armour
 p - 3 scrolls of teleportation
 v - 2 scrolls of silence
 w - a scroll of amnesia
 x - 4 scrolls of summoning
 E - a scroll of holy word
 G - a scroll of blinking
 H - a scroll of vulnerability {unknown}
 I - a scroll of identify
Potions
 a - a potion of might
 d - a potion of heal wounds {unknown}
 h - 2 potions of brilliance
 l - 6 potions of curing
 n - a potion of cancellation
 r - a potion of resistance
 A - a potion of flight
 B - a potion of mutation
 F - a potion of ambrosia


   Skills:
 + Level 2.5 Fighting
 + Level 8.8 Throwing
 + Level 1.2 Armour
 + Level 3.3 Dodging
 * Level 12.6 Unarmed Combat
 * Level 1.3 Evocations


You had 7 spell levels left.
You knew the following spells:

 Your Spells              Type           Power      Damage    Failure   Level
a - Wereblood             Tmut           0%         N/A       45%         2

Your spell library contained the following spells:

 Spells                   Type           Power      Damage    Failure   Level
 Slow                     Hex            0%         N/A       34%         1
 Sublimation of Blood     Necr           0%         N/A       45%         2
 Confusing Touch          Hex            0%         N/A       71%         3
 Gell's Gravitas          Tloc           0%         N/A       71%         3
 Teleport Other           Tloc           0%         N/A       71%         3
 Vampiric Draining        Necr           0%         2d6       71%         3
 Dispersal                Tloc           0%         N/A       100%        6
 Summon Hydra             Summ           0%         N/A       100%        7


Dungeon Overview and Level Annotations

Branches:
Dungeon (10/15)            Temple (0/1) D:4             Orc (0/2) D:10
   Lair: D:8-11

Shops:
D:5 =   D:7 =?*(!


Innate Abilities, Weirdness & Mutations

You have an increased reservoir of magic. (+10% MP)
You shall have no god before yourself.
Your divine heritage dramatically boosts your attributes as you level up.


Message History

The poisoned dart misses the killer bee.
The poisoned dart hits the killer bee!
The killer bee is poisoned.
You kill the killer bee!
You punch the killer bee!
You kill the killer bee!
You barely miss the killer bee. The killer bee barely misses you. x2
You punch the killer bee!
You kill the killer bee! x2
A two-headed ogre comes into view.
It is wielding a +0 giant spiked club and a +0 giant club.
Things that are here:
5 poisoned darts; a killer bee corpse; a killer bee corpse The two-headed ogre closely misses you.
The two-headed ogre hits you with a +0 giant club!
You see here a poisoned dart.
You hit the two-headed ogre.
The two-headed ogre is lightly wounded.
You barely miss the two-headed ogre. You punch the two-headed ogre.
The two-headed ogre is lightly wounded.
The two-headed ogre misses you. x2
You hit the two-headed ogre.
The two-headed ogre is moderately wounded.
You pummel the two-headed ogre!!
The two-headed ogre is severely wounded.
The two-headed ogre hits you with a +0 giant spiked club!!
* * * LOW HITPOINT WARNING * * *
The two-headed ogre hits you with a +0 giant club.
* * * LOW HITPOINT WARNING * * *
You punch the two-headed ogre!
The two-headed ogre is severely wounded.
You barely miss the two-headed ogre.
The two-headed ogre is severely wounded.
The two-headed ogre closely misses you.
The two-headed ogre hits you with a +0 giant club!
* * * LOW HITPOINT WARNING * * *
You hit the two-headed ogre.
The two-headed ogre is almost dead.
The two-headed ogre hits you with a +0 giant spiked club!!
* * * LOW HITPOINT WARNING * * *
The two-headed ogre hits you with a +0 giant club!
You die...

### #(# #(# #######.#
......O@################
..(............<........ ...
.....(.............)[###.....
...#....######...######.[###.....
.......... .....(.......)[#......
.....#..####.....##<###.[.#......
yy........................>).....
.................##..##...#≈.....
..y..#...###.....##.......)≈≈....


You could see a two-headed ogre.

Vanquished Creatures
  Harold (D:9)
  A troll (D:9)
  A slime creature (D:8)
  Sigmund (D:6)
  7 yaks
  3 wyverns
  Eustachio (D:6)
  A steam dragon (D:6)
  Edmund (D:6)
  An acid dragon (D:8)
  Duvessa (D:4)
  3 orc warriors
  2 ice beasts
  2 necrophages
  A sky beast (D:5)
  6 ogres
  3 centaurs
  4 phantoms
  A kobold brigand (D:7)
  A gnoll sergeant (D:8)
  2 bullfrogs
  Dowan (D:4)
  15 killer bees
  3 electric eels (D:10)
  A howler monkey (D:9)
  4 centaur zombies
  A hound (D:6)
  3 orc priests
  2 bullfrog zombies
  7 jellies
  A centaur skeleton (D:6)
  2 bullfrog skeletons
  2 gnoll shamans
  2 iguanas
  Natasha (thrice) (D:4)
  2 orc wizards
  2 howler monkey zombies
  16 gnolls
  7 adders
  A howler monkey skeleton (D:5)
  2 white imps
  4 dart slugs
  39 orcs
  26 endoplasms
  7 giant cockroaches
  6 hobgoblins
  13 jackals
  6 ball pythons
  5 bats
  3 frilled lizards
  4 goblins
  10 kobolds
  10 rats
254 creatures vanquished.

Vanquished Creatures (others)
  4 fungi (D:8)
4 creatures vanquished.

Grand Total: 258 creatures vanquished

Notes
Turn   | Place    | Note
-------+----------+-------------------------------------------
     0 | D:1      | pkoi the Demigod Gladiator began the quest for the Orb.
     0 | D:1      | Reached XP level 1. HP: 17/17 MP: 3/3
   439 | D:1      | Reached skill level 3 in Unarmed Combat
   605 | D:1      | Reached XP level 2. HP: 24/24 MP: 4/4
  1422 | D:1      | Reached XP level 3. HP: 22/29 MP: 5/5
  1493 | D:1      | Learned a level 2 spell: Wereblood
  1505 | D:1      | Reached skill level 4 in Unarmed Combat
  2126 | D:2      | Reached XP level 4. HP: 29/36 MP: 6/6
  3960 | D:4      | Reached XP level 5. HP: 21/41 MP: 7/7
  4232 | D:4      | Reached skill level 5 in Unarmed Combat
  4447 | D:4      | Noticed Natasha
  4453 | D:4      | Killed Natasha
  4511 | D:4      | Noticed an ogre
  4523 | D:4      | Killed an ogre
  4524 | D:4      | Reached XP level 6. HP: 43/48 MP: 8/8
  4579 | D:4      | Found a staircase to the Ecumenical Temple.
  4580 | D:4      | Noticed Natasha
  4585 | D:4      | Noticed Duvessa
  4586 | D:4      | Killed Natasha
  4652 | D:3      | Reached skill level 6 in Unarmed Combat
  5049 | D:4      | Noticed Dowan
  5068 | D:4      | Killed Duvessa
  5091 | D:4      | Killed Dowan
  5092 | D:4      | Reached XP level 7. HP: 25/55 MP: 9/9
  6048 | D:4      | Noticed Natasha
  6063 | D:4      | Killed Natasha
  6302 | D:5      | Entered Level 5 of the Dungeon
  6348 | D:5      | Reached skill level 7 in Unarmed Combat
  6784 | D:5      | Found Wearic's Jewellery Emporium.
  6898 | D:5      | Reached skill level 5 in Throwing
  6966 | D:5      | Reached XP level 8. HP: 61/61 MP: 10/10
  6971 | D:5      | Reached skill level 8 in Unarmed Combat
  7385 | D:6      | Noticed Eustachio
  7408 | D:6      | Killed Eustachio
  7458 | D:6      | Noticed Edmund
  7478 | D:6      | Killed Edmund
  7479 | D:6      | Reached skill level 9 in Unarmed Combat
  7752 | D:6      | Noticed Sigmund
  7771 | D:6      | Killed Sigmund
  8070 | D:7      | Found Buicvup's Antique Weapon Boutique.
  8122 | D:7      | Reached XP level 9. HP: 49/67 MP: 11/11
  8226 | D:7      | Found Zadghostro's Distillery.
  8234 | D:7      | Bought a potion of mutation for 120 gold pieces
  8373 | D:7      | Reached skill level 10 in Unarmed Combat
  8851 | D:7      | Found Ysis's Jewellery Shoppe.
  8861 | D:7      | Found Diqamuty's Assorted Antiques.
  9161 | D:7      | Found Zimyjih's Magic Scroll Emporium.
  9603 | D:8      | Reached skill level 11 in Unarmed Combat
 10569 | D:8      | Reached XP level 10. HP: 43/73 MP: 13/13
 11582 | D:9      | Noticed Harold
 11596 | D:9      | Killed Harold
 11597 | D:9      | Reached skill level 12 in Unarmed Combat
 12835 | D:10     | Entered Level 10 of the Dungeon
 13035 | D:10     | Found a staircase to the Orcish Mines.
 13319 | D:10     | Reached skill level 1 in Armour
 13340 | D:9      | Reached skill level 1 in Evocations
 13459 | D:10     | Noticed a two-headed ogre
 13468 | D:10     | Mangled by a two-headed ogre

Illustrated notes

Levels and vault maps discovered:
D:1:      evilmike_arrival_fibonacci_small, layout_basic,
          hellmonk_ecumenical_altar_pennies_from_heaven,
          kennysheep_small_spiral, st_stairs_13, minmay_misc_feat_columns
D:2:      layout_rooms
D:3:      layout_loops_corners, marbit_many_paths
D:4:      layout_basic, minmay_temple_entry_waves, grunt_decor_cap,
          minmay_crossroads, uniq_duvessa, uniq_natasha
D:5:      layout_cave_pools, serial_shops, nicolae_shop_window_shopping
D:6:      layout_rooms, uniq_eustachio, uniq_sigmund, uniq_edmund
D:7:      layout_loops_ring, serial_shops, nicolae_shop_statue_plus, shop,
          kennysheep_mini, nicolae_shop_trees, nicolae_stop_n_shop_2
D:8:      lemuel_slime, layout_basic
D:9:      layout_roguey, uniq_harold
D:10:     layout_basic, hiddenorc1_lemuel

Skill      XL: |  1  2  3  4  5  6  7  8  9 10 |
---------------+-------------------------------+-----
Unarmed Combat | 3 4 5 6 7 9 11 12 | 12.6
Throwing       | 2 3 4 5 6 7 8 |  8.8
Fighting       | 2 |  2.5
Dodging        | 3 |  3.3
Armour         | 1 |  1.2
Evocations     | 1 |  1.3

Action                   |  1- 3 |  4- 6 |  7- 9 | 10-12 || total
-------------------------+-------+-------+-------+-------++-------
Melee: Unarmed           |    64 |    80 |   355 |   141 ||   640
       Punch             |     2 |       |    26 |     9 ||    37
Throw: Boomerang         |    24 |    88 |    22 |       ||   134
       Dart              |       |       |    31 |   175 ||   206
       Throwing net      |       |       |     2 |       ||     2
  Use: Scroll            |       |     6 |     8 |     2 ||    16
       Potion            |       |     3 |       |       ||     3
 Stab: Sleeping          |       |       |     4 |       ||     4
Armor: Leather armour    |    11 |       |       |       ||    11
       Robe              |       |    17 |   109 |    42 ||   168
       Troll leather arm |       |       |       |     8 ||     8
Dodge: Dodged            |    37 |    34 |   222 |    99 ||   392
